 Dungeon Crawl Stone Soup version 0.17-a0-1481-gfdcec5c (webtiles) character file.

12418 Gorice the Destroyer (level 11, -5/72 HPs)
             Began as a Tengu Wanderer on July 3, 2015.
             Was an Elder of Vehumet.
             Slain by a large abomination (11 damage)
             ... on level 1 of the Abyss on July 4, 2015.
             The game lasted 01:58:22 (16790 turns).

Gorice the Destroyer (Tengu Wanderer)              Turns: 16790, Time: 01:58:23

Health: -5/72      AC: 10    Str: 14    XL:     11   Next: 93%
Magic:  1/34       EV: 11    Int: 14    God:    Vehumet [****..]
Gold:   480        SH:  2    Dex: 14    Spells: 6 memorised, 14 levels left

rFire  . . .     SeeInvis .     a - +0 quarterstaff (crush)
rCold  . . .     Clarity  +     n - +1 animal skin
rNeg   . . .     SustAt   .     (no shield)
rPois  .         Gourm    .     (helmet restricted)
rElec  .         Spirit   .     R - +2 cloak
rCorr  .         Warding  .     E - +1 pair of gloves
rMut   .         Rnd*Tele +     (boots unavailable)
MR     .....                    d - amulet of clarity
Stlth  +.........               J - ring of magical power
                                c - ring of teleportation

@: repel missiles, not resistant to hostile enchantments, very unstealthy
A: beak, talons 3, large bone plates 1, able to fly 1
a: Fly, Renounce Religion, Evoke Teleportation


You were on level 1 of the Abyss.
You worshipped Vehumet.
Vehumet was greatly pleased with you.
You were not hungry.

You visited 3 branches of the dungeon, and saw 14 of its levels.
You visited the Abyss 1 time.
You also visited: Ice Cave.

You collected 607 gold pieces.
You spent 127 gold pieces at shops.

Inventory:

Hand weapons
 a - a +0 quarterstaff of crushing (weapon)
   (You found it on level 4 of the Dungeon)
 s - a +1 spear
 B - a +0 blowgun
Missiles
 j - 3 javelins (quivered)
 r - 37 poisoned needles
 z - 4 tomahawks
 Z - 365 stones
Armour
 n - a +1 animal skin (worn)
 E - a +1 pair of gloves (worn)
 R - a +2 cloak (worn)
Magical staves
 b - an uncursed staff of air
Jewellery
 c - a ring of teleportation (left hand)
 d - an amulet of clarity (around neck)
 g - an uncursed ring of protection from magic
 h - an uncursed ring of fire
 J - a ring of magical power (right hand)
Magical devices
 o - a wand of disintegration (1)
 D - a wand of digging (8)
 O - a wand of magic darts (17)
Scrolls
 i - 8 scrolls of remove curse
 p - 5 scrolls of identify
 y - a scroll of fog
 L - a scroll of teleportation {!r}
Potions
 e - a potion of cancellation {!q}
 f - a potion of brilliance {!q}
 l - 6 potions of curing
 u - 3 potions of might {!q}
 C - 2 potions of agility {!q}
 P - a potion of haste {!q}
Comestibles
 k - 6 fruits
 X - 8 bread rations {!e}


   Skills:
 * Level 9.7 Fighting
 - Level 1.1 Armour
   Level 1.0 Shields
 + Level 9.7 Spellcasting
 - Level 10.0 Conjurations
 - Level 6.0 Translocations
 - Level 4.0 Fire Magic
 - Level 8.0 Air Magic
 - Level 1.0 Poison Magic
 - Level 1.0 Evocations


You had 14 spell levels left.
You knew the following spells:

 Your Spells              Type           Power        Failure   Level  Hunger
a - Shock                 Conj/Air       ####         1%          1    None
b - Mephitic Cloud        Conj/Pois/Air  ###.....     1%          3    #......
c - Conjure Flame         Conj/Fire      ####....     1%          3    #......
d - Iskenderun's Mystic   Conj           ####....     1%          4    ###....
J - Blink                 Tloc           N/A          1%          2    None
M - Repel Missiles        Chrm/Air       ###...       3%          2    None


Dungeon Overview and Level Annotations

Branches:
Dungeon (10/15)            Temple (1/1) D:5            Lair (3/8) D:9
  Swamp: Lair:3-6    Shoals: Lair:3-6     Snake: Lair:3-6    Spider: Lair:3-6
    Orc: D:9-12

Altars:
Ashenzari
Cheibriados
Dithmenos
Elyvilon
Fedhas
Gozag
Kikubaaqudgha
Makhleb
Nemelex Xobeh
Okawaru
Qazlal
Ru
Sif Muna
Trog
Vehumet
Xom
Yredelemnul
Zin
The Shining One

Shops:
D:7 *   D:8 %

Annotations:
D:3 vpUX: altar? vault with sky beast, exclusion: door
D:10 Psyche
Lair:3 pUX!, Fannar, Rupert


Innate Abilities, Weirdness & Mutations

You have a beak for a mouth.
You have claws for feet.
You can fly.
You are partially covered in large bone plates (AC +2, SH +2).


Message History

Vehumet accepts your kill.
You feel your power returning.
The ufetubus disappears in a puff of smoke!
The crimson imp disappears in a puff of smoke! x2
Unknown command.
The large abomination hits you!!
* * * LOW HITPOINT WARNING * * *
Damage: 28 (max 28) Unknown command.
Casting: Iskenderun's Mystic Blast
Confirm with . or Enter, or press ? or * to list all spells.
You blink.
Casting: Blink
Confirm with . or Enter, or press ? or * to list all spells.
Aiming: Conjure Flame
Press: ? - help, Dir - move target cursor The fire roars!
Casting: Conjure Flame
Confirm with . or Enter, or press ? or * to list all spells.
Aiming: Conjure Flame
Press: ? - help, Dir - move target cursor The fire roars!
The large abomination is engulfed in roaring flames.
Unknown command.
Drink which item? (? for menu, Esc to quit)
Really quaff
I - a potion of heal wounds {!q}?
You feel much better.
The large abomination is engulfed in roaring flames.
You block the large abomination's attack.
Unknown command.
Evoke which item? (* to show all) (? for menu, Esc to quit)
Zapping:
o - a wand of disintegration {zapped: 4} (will waste charges)
Press: ? - help, Shift-Dir - straight line, f - large abomination
Aim: a large abomination (flame, moderately damaged, chance to defeat MR: 8%)
The large abomination resists with almost no effort.
Evoking this partially-identified wand wasted a few charges.
The large abomination is engulfed in roaring flames.
The large abomination hits you!!
* * * LOW HITPOINT WARNING * * *
Damage: 30 (max 30) Unknown command.
Evoke which item? (* to show all) (? for menu, Esc to quit)
Zapping:
o - a wand of disintegration {zapped: 6} (will waste charges)
Press: ? - help, Shift-Dir - straight line, f/p - large abomination
Aim: a large abomination (flame, severely damaged, chance to defeat MR: 8%)
The large abomination resists with almost no effort.
Evoking this partially-identified wand wasted a few charges.
The large abomination is engulfed in roaring flames.
The large abomination hits you!
You die...

#. .# .#.# .
## ### ..#
#####.. .§
#.# . . ..#
#.###
#.......##
#..§.........
.§
#§####...#..
. # #X#
#.........
... #@#
###.......#
### # ### ###
#W.# # . ...
#..# #..#..#
. ##.##. . ..
# ..# # .= .
. # # # # #


You could see a large abomination.

Vanquished Creatures
  2 hydras
  4 spiny frogs
  3 komodo dragons
  A fire drake (Lair:1)
  A polar bear (Lair:3)
  Prince Ribbit (D:5)
  4 blink frogs (Lair:2)
  A spriggan (Lair:2)
  A hungry ghost (D:10)
  7 yaks
  Eustachio (D:4)
  A neqoxec (Abyss:1)
  Menkaure (D:7)
  4 hippogriffs
  An orc warrior (D:9)
  2 porcupines
  10 water moccasins
  A black bear (D:7)
  5 ice beasts
  A phantom (D:8)
  2 sky beasts
  3 centaurs
  A necrophage (D:6)
  4 ogres
  8 crocodiles
  A big kobold (D:8)
  A wyvern zombie (D:7)
  8 giant frogs
  3 scorpions
  4 killer bees (D:10)
  2 crimson imps
  7 hounds
  2 jellies
  5 orc wizards
  A centaur skeleton (D:7)
  Ijyb (D:2)
  A giant frog skeleton (D:5)
  3 iguanas
  4 orc priests
  7 worker ants
  A killer bee zombie (D:6)
  2 worker ant zombies (D:8)
  Robin (D:2)
  8 adders
  2 gnolls (D:1)
  5 river rats (Lair:1)
  A shadow imp (D:5)
  12 white imps (Lair:2)
  3 oozes
  2 adder zombies
  3 giant geckos
  15 orcs
  2 bat skeletons
  17 goblins
  24 hobgoblins
  4 quokkas
  13 bats
  5 giant cockroaches
  4 giant newts
  5 jackals
  A jackal skeleton (D:4)
  21 kobolds
  10 rats
  A spectral orc (D:4)
  A fungus (Lair:2)
283 creatures vanquished.

Vanquished Creatures (others)
  7 fungi
  3 plants (Lair:2)
10 creatures vanquished.

Grand Total: 293 creatures vanquished

Notes
Turn   | Place    | Note
--------------------------------------------------------------
     0 | D:1      | Gorice the Tengu Wanderer began the quest for the Orb.
     0 | D:1      | Gorice set off with: a book of Minor Magic, the Almanac of Sulphur, a +0 spear, a +0 robe, a bread ration {!e}
     0 | D:1      | Reached XP level 1. HP: 12/12 MP: 5/5
     0 | D:1      | Identified the Almanac of Sulphur
     2 | D:1      | Learned a level 1 spell: Shock
   404 | D:1      | Reached skill level 1 in Air Magic
   713 | D:1      | Reached XP level 2. HP: 15/17 MP: 2/7
  1160 | D:1      | Reached skill level 1 in Conjurations
  1320 | D:1      | Reached skill level 2 in Air Magic
  1320 | D:1      | Reached XP level 3. HP: 21/21 MP: 2/8
  1521 | D:1      | Learned a level 2 spell: Blink
  1524 | D:1      | Learned a level 2 spell: Repel Missiles
  1555 | D:1      | Reached skill level 2 in Conjurations
  1799 | D:2      | Noticed Ijyb
  1830 | D:2      | HP: 6/21 [adder (2)]
  1833 | D:2      | Reached XP level 4. HP: 7/26 MP: 1/10
  1836 | D:2      | HP: 6/26 [poisoned by an adder]
  1844 | D:2      | HP: 4/26 [poisoned by an adder]
  2221 | D:2      | Learned a level 3 spell: Mephitic Cloud
  2287 | D:2      | Killed Ijyb
  2287 | D:2      | Reached skill level 3 in Conjurations
  2287 | D:2      | Reached skill level 3 in Air Magic
  2512 | D:2      | Noticed Robin
  2516 | D:2      | Killed Robin
  2584 | D:2      | Gained mutation: You can fly. [Tengu growth]
  2584 | D:2      | Reached XP level 5. HP: 28/30 MP: 4/11
  2598 | D:2      | Found a burning altar of Makhleb.
  2603 | D:2      | Found a radiant altar of Vehumet.
  2616 | D:2      | Became a worshipper of Vehumet
  2656 | D:2      | Found a snail-covered altar of Cheibriados.
  2779 | D:2      | Found a shattered altar of Ashenzari.
  3198 | D:3      | Found a glowing golden altar of the Shining One.
  3198 | D:3      | Found an ancient bone altar of Kikubaaqudgha.
  3357 | D:3      | Noticed a sky beast
  3570 | D:3      | Noticed an ogre
  3582 | D:3      | Killed an ogre
  3582 | D:3      | Reached skill level 4 in Spellcasting
  3582 | D:3      | Reached skill level 4 in Conjurations
  3712 | D:3      | Reached XP level 6. HP: 35/35 MP: 6/13
  3728 | D:3      | Reached skill level 4 in Air Magic
  3852 | D:2      | Reached skill level 5 in Conjurations
  4028 | D:3      | Learned a level 3 spell: Conjure Flame
  4086 | D:4      | Found a bloodstained altar of Trog.
  4436 | D:4      | Acquired Vehumet's first power
  4436 | D:4      | Offered knowledge of Sting by Vehumet.
  4548 | D:4      | Found a basalt altar of Yredelemnul.
  4741 | D:4      | HP: 8/35 [worker ant (4)]
  4749 | D:4      | HP: 10/35 [worker ant (3)]
  4751 | D:4      | Reached skill level 6 in Conjurations
  5165 | D:4      | Reached XP level 7. HP: 40/40 MP: 10/14
  5543 | D:5      | Entered Level 5 of the Dungeon
  5574 | D:5      | Noticed Eustachio
  5596 | D:4      | Killed Eustachio
  5596 | D:4      | Reached skill level 5 in Air Magic
  5795 | D:5      | Noticed Prince Ribbit
  5914 | D:5      | Killed Prince Ribbit
  5914 | D:5      | Reached skill level 7 in Conjurations
  5914 | D:5      | Reached skill level 6 in Air Magic
  5936 | D:5      | Reached skill level 5 in Spellcasting
  5936 | D:5      | Reached XP level 8. HP: 42/44 MP: 4/16
  6347 | D:5      | Reached skill level 7 in Air Magic
  6463 | D:5      | Found a staircase to the Ecumenical Temple.
  6473 | Temple   | Entered the Ecumenical Temple
  6647 | D:5      | Found a glowing silver altar of Zin.
  6651 | D:5      | Found an opulent altar of Gozag.
  6860 | D:6      | Offered knowledge of Throw Frost by Vehumet.
  6880 | D:6      | Reached skill level 8 in Conjurations
  6880 | D:6      | Reached skill level 8 in Air Magic
  6911 | D:6      | Found a glowing golden altar of the Shining One.
  7115 | D:6      | Reached skill level 1 in Fire Magic
  7190 | D:6      | Reached skill level 2 in Translocations
  7225 | D:6      | Reached skill level 2 in Fire Magic
  7276 | D:6      | Reached XP level 9. HP: 19/48 MP: 8/18
  7640 | D:7      | Reached skill level 3 in Fire Magic
  7672 | D:7      | Reached skill level 3 in Translocations
  7773 | D:7      | Found Jisen's Assorted Antiques.
  7801 | D:7      | Bought a scroll of identify for 52 gold pieces
  7801 | D:7      | Bought a scroll of identify for 52 gold pieces
  7801 | D:7      | Bought a sedimented amethyst potion for 23 gold pieces
  7875 | D:7      | Reached skill level 6 in Spellcasting
  8024 | D:7      | Noticed Menkaure
  8280 | D:7      | Reached skill level 4 in Fire Magic
  8286 | D:7      | Learned a level 4 spell: Iskenderun's Mystic Blast
  8443 | D:7      | Offered knowledge of Stone Arrow by Vehumet.
  8582 | D:7      | Reached skill level 4 in Translocations
  8982 | D:7      | Killed Menkaure
  9198 | D:8      | Found Pab Muxt's Food Shoppe.
  9249 | D:8      | Acquired Vehumet's second power
  9577 | D:8      | Reached skill level 9 in Conjurations
  9937 | D:8      | Reached skill level 5 in Translocations
  9948 | D:8      | Found a shimmering altar of Xom.
 10249 | D:9      | Offered knowledge of Inner Flame by Vehumet.
 10249 | D:9      | Reached XP level 10. HP: 48/53 MP: 20/20
 10306 | D:9      | Found a staircase to the Lair.
 10533 | D:9      | Reached skill level 10 in Conjurations
 10878 | Lair:1   | Entered Level 1 of the Lair of Beasts
 11015 | Lair:1   | Reached skill level 6 in Translocations
 11312 | Lair:1   | Reached skill level 7 in Spellcasting
 11389 | Lair:1   | Reached skill level 3 in Fighting
 11693 | Lair:1   | Acquired Vehumet's third power
 11811 | Lair:1   | Reached skill level 4 in Fighting
 11861 | Lair:1   | HP: 17/57 [poisoned by a water moccasin]
 11866 | Lair:1   | HP: 13/57 [poisoned by a water moccasin]
 11872 | Lair:1   | HP: 10/57 [poisoned by a water moccasin]
 11879 | Lair:1   | HP: 8/57 [poisoned by a water moccasin]
 11886 | Lair:1   | HP: 7/57 [poisoned by a water moccasin]
 11894 | Lair:1   | HP: 7/57 [poisoned by a water moccasin]
 12047 | Lair:1   | Reached skill level 8 in Spellcasting
 12463 | Lair:2   | Noticed a five-headed hydra
 12474 | Lair:1   | HP: 16/58 [yak (11)]
 12536 | Lair:1   | Upgraded the game from 0.17-a0-1479-g4041c36 to 0.17-a0-1481-gfdcec5c
 12881 | Lair:2   | Reached skill level 5 in Fighting
 12971 | Lair:2   | Found a frozen archway.
 13069 | IceCv    | Entered an ice cave
 13078 | IceCv    | HP: 17/59 [ice beast (3)]
 13078 | IceCv    | HP: 5/59 [ice beast (12)]
 13501 | Lair:2   | Reached XP level 11. HP: 42/64 MP: 15/24
 13627 | Lair:2   | Reached skill level 6 in Fighting
 13890 | Lair:2   | Offered knowledge of Lee's Rapid Deconstruction by Vehumet.
 14158 | Lair:2   | Killed a five-headed hydra
 14158 | Lair:2   | Reached skill level 7 in Fighting
 14570 | Lair:2   | HP: 19/67 [blink frog (9)]
 14663 | Lair:1   | Noticed a five-headed hydra
 14692 | Lair:1   | Killed a five-headed hydra
 14692 | Lair:1   | Reached skill level 9 in Spellcasting
 14958 | Lair:2   | Reached skill level 8 in Fighting
 15801 | Lair:3   | HP: 16/69 [iguana (5)]
 15807 | Lair:2   | Reached skill level 9 in Fighting
 16327 | Lair:3   | Noticed Fannar
 16488 | Lair:3   | Noticed Rupert
 16581 | D:10     | Entered Level 10 of the Dungeon
 16612 | D:10     | Noticed Psyche
 16617 | D:10     | HP: 20/71 [Psyche/dagger of distortion (13)]
 16618 | D:10     | Cast into the Abyss (Psyche)
 16776 | Abyss:1  | Gained mutation: You are partially covered in large bone plates (AC +2, SH +2). [a neqoxec]
 16781 | Abyss:1  | Noticed a large abomination
 16784 | Abyss:1  | HP: 5/72 [large abomination (28)]
 16789 | Abyss:1  | HP: 5/72 [large abomination (30)]
 16790 | Abyss:1  | Slain by a large abomination

Vault maps used:
D:1:      ncdulo_watergridlock, minmay_misc_feat_tiny, hangedman_decor_growths
D:2:      grunt_temple_overflow_open, lemuel_round_altar, cheibriados_altar_1,
          uniq_robin, uniq_iyjb
D:3:      gammafunk_temple_overflow_pools, first_bread,
          kennysheep_generic_room_11
D:4:      yredelemnul_forgotten_temple_becter, bloody_trog
D:5:      lemuel_ice_spiral_2, grunt_temple_overflow_gold_and_silver,
          uniq_eustachio, uniq_prince_ribbit1
D:6:      basic_altar
D:7:      serial_shops, nicolae_shop_overgrown_old_shop, uniq_menkaure
D:8:      nicolae_overflow_hidden_temple, serial_shops, nicolae_shop_stone
D:9:      lair_0_dummy
D:10:     serial_shops, nicolae_shop_statue_plus, uniq_psyche
Temple:   circular_temple_pool_8
Lair:1:   st_stairs_11, infiniplex_staircase_pool, grunt_megastairs_4
Lair:2:   portal_ice_cave_entry_imps
Lair:3:   grunt_forest_large_clearing_hut, grunt_megastairs_2,
          serial_bayou_shore_a, uniq_fannar, uniq_rupert
IceCv:    ice_cave_small_dragons

Action                   |  1- 3 |  4- 6 |  7- 9 | 10-12 || total
-------------------------+-------+-------+-------+-------++-------
Melee: Spear             |    31 |    80 |    88 |   109 ||   308
       Staff             |       |       |     2 |     2 ||     4
       Quarterstaff      |       |       |       |     6 ||     6
 Fire: Blowgun           |       |       |     3 |    64 ||    67
Throw: Javelin           |       |       |     3 |       ||     3
 Cast: Shock             |    53 |   132 |   251 |   211 ||   647
       Repel Missiles    |     1 |     1 |     1 |     1 ||     4
       Mephitic Cloud    |       |     9 |    25 |    23 ||    57
       Blink             |       |     1 |       |    16 ||    17
       Conjure Flame     |       |       |    16 |    60 ||    76
       Iskenderun's Myst |       |       |     6 |    91 ||    97
Evoke: Wand              |       |       |       |     8 ||     8
  Use: Scroll            |       |     8 |     7 |     9 ||    24
       Potion            |       |     1 |       |     4 ||     5
 Stab: Confused          |       |     4 |     6 |     1 ||    11
       Sleeping          |       |       |     1 |     4 ||     5
  Eat: Chunk             |     4 |    11 |    18 |    18 ||    51
       Beef jerky        |       |       |     1 |     2 ||     3
       Meat ration       |       |       |       |     2 ||     2
       Pizza             |       |       |       |     1 ||     1
       Bread ration      |       |       |       |     1 ||     1

Table legend:
 A = Turns spent in this place as a percentage of turns spent in the entire game.
 B = Non-inter-level travel turns spent in this place as a percentage of non-inter-level travel turns spent in the entire game.
 C = Inter-level travel turns spent in this place as a percentage of turns spent in this place.
 D = Turns resting spent in this place as a percentage of non-inter-level travel turns spent in this place.
 E = Turns spent auto-exploring this place as a percentage of non-inter-level travel turns spent in this place.
 F = Non-inter-level travel turns spent in this place divided by the number of levels of this place that you've seen.
                   A       B       C       D       E      F
               +-------+-------+-------+-------+-------+----------------------
         Total | 100.0 | 100.0 |   0.7 |   5.8 |   5.5 | 304.8
       Dungeon |  64.8 |  64.8 |   0.7 |   4.9 |   6.5 | 315.8
        Temple |   0.2 |   0.2 |  11.1 |   0.0 |  87.5 |   8.0
          Lair |  31.3 |  31.3 |   0.7 |   8.3 |   3.7 | 508.7
         Abyss |   3.4 |   3.4 |   0.0 |   1.2 |   0.0 | 167.0
      Ice Cave |   0.3 |   0.3 |   0.0 |   0.0 |   0.0 |  17.0
               +-------+-------+-------+-------+-------+----------------------

Vault maps used:
D:1:      ncdulo_watergridlock, minmay_misc_feat_tiny, hangedman_decor_growths
D:2:      grunt_temple_overflow_open, lemuel_round_altar, cheibriados_altar_1,
          uniq_robin, uniq_iyjb
D:3:      gammafunk_temple_overflow_pools, first_bread,
          kennysheep_generic_room_11
D:4:      yredelemnul_forgotten_temple_becter, bloody_trog
D:5:      lemuel_ice_spiral_2, grunt_temple_overflow_gold_and_silver,
          uniq_eustachio, uniq_prince_ribbit1
D:6:      basic_altar
D:7:      serial_shops, nicolae_shop_overgrown_old_shop, uniq_menkaure
D:8:      nicolae_overflow_hidden_temple, serial_shops, nicolae_shop_stone
D:9:      lair_0_dummy
D:10:     serial_shops, nicolae_shop_statue_plus, uniq_psyche
Temple:   circular_temple_pool_8
Lair:1:   st_stairs_11, infiniplex_staircase_pool, grunt_megastairs_4
Lair:2:   portal_ice_cave_entry_imps
Lair:3:   grunt_forest_large_clearing_hut, grunt_megastairs_2,
          serial_bayou_shore_a, uniq_fannar, uniq_rupert
IceCv:    ice_cave_small_dragons
